 Dungeon Crawl Stone Soup version 0.30-a0-55-g90e3122c3a (webtiles) character file.

Game seed: 309236031528446410

33 Newt the Trooper (level 3, -7/28 HPs)
             Began as a Demonspawn Gladiator on Sept 9, 2022.
             Killed from afar by Sigmund (17 damage)
             ... with a bolt of dispelling energy
             ... on level 2 of the Dungeon.
             The game lasted 00:01:14 (1319 turns).

Newt the Trooper (Demonspawn Gladiator)             Turns: 1319, Time: 00:01:14

Health: -7/28      AC:  4    Str: 16    XL:     3   Next: 12%
Magic:  3/3        EV: 12    Int: 15    God:
Gold:   79         SH:  0    Dex: 14    Spells: 2/2 levels left

rFire   . . .      SeeInvis .    a - +0 rapier
rCold   . . .      Faith    .    (no shield)
rNeg    . . .      Spirit   .    b - +0 leather armour
rPois   .          Reflect  .    c - +0 helmet
rElec   .          Harm     .    (no cloak)
rCorr   .          Rampage  .    (no gloves)
Will    .....                    (no boots)
Stlth   ++........               (no amulet)
HPRegen 0.09/turn                l - +6 ring of intelligence
MPRegen 0.08/turn                (no ring)

@: no status effects
A: demonic touch 1
a: no special abilities


You were on level 2 of the Dungeon.
You visited 1 branch of the dungeon, and saw 2 of its levels.

You collected 79 gold pieces.

Inventory:

Hand Weapons
 a - a +0 rapier (weapon)
Missiles
 d - a throwing net (quivered)
 e - a javelin
 m - 5 silver boomerangs
 q - 3 poisoned darts
Armour
 b - a +0 leather armour (worn)
 c - a +0 helmet (worn)
Jewellery
 l - a +6 ring of intelligence (left hand)
Scrolls
 g - a scroll of vulnerability
 h - a scroll of enchant weapon {unknown}
 j - a scroll of magic mapping {unknown}
 k - a scroll of immolation {unknown}
 n - a scroll of poison {unknown}
 p - a scroll of teleportation {unknown}
 r - a scroll of identify {unknown}
 s - a scroll of summoning {unknown}
Potions
 f - 3 potions of flight
 i - a potion of magic {unknown}
 o - a potion of attraction {unknown}


   Skills:
 + Level 2.8 Fighting
 - Level 2.6 Short Blades
 - Level 1.7 Throwing
 - Level 2.6 Dodging
 - Level 2.0 Stealth


You had 2 spell levels left.
You didn't know any spells.
Your spell library contained the following spells:

 Spells                   Type           Power      Damage    Failure   Level
 Static Discharge         Conj/Air       0%         3-3/arc   45%         2
 Confusing Touch          Hex            0%         N/A       69%         3
 Dispel Undead            Necr           0%         3d6       97%         4
 Sticky Flame             Conj/Fire      0%         2d3       97%         4
 Fireball                 Conj/Fire      0%         3d3       100%        5
 Yara's Violent Unravell  Hex/Tmut       0%         3d3       100%        5
 Starburst                Conj/Fire      0%         6d3       100%        6
 Enfeeble                 Hex            0%         N/A       100%        7
 Ignition                 Fire           0%         3d3       100%        8


Dungeon Overview and Level Annotations

Branches:
Dungeon (2/15)

Altars:

Annotations:
D:2 Sigmund


Innate Abilities, Weirdness & Mutations

Your touch may inflict minor irresistible damage on your foes.


Message History

No target in view!
p - a scroll labelled ACITTAU GOITTI
Found a scroll labelled ANEODICEQO.
You see here 4 poisoned darts.
q - 4 poisoned darts
f - 3 potions of flight (gained 1)
r - a scroll labelled JIATWO COAR
Found 6 stones.
s - a scroll labelled ANEODICEQO
Okay, then.
Okay, then.
You now have 79 gold pieces (gained 10).
Sigmund the Dreaded comes into view.
He is wielding a +0 scythe and carrying a wand of quicksilver (12).
Sigmund is nearby!
Sigmund shouts!
A bat comes into view.
Throw: 4 darts (poison)
Press: ? - help, Shift-Dir - straight line, f - Sigmund
Aim: Sigmund, wielding a +0 scythe, wearing a +0 robe and carrying a wand of quicksilver (12) (55% to hit)
You throw a poisoned dart.
The poisoned dart closely misses Sigmund.
Sigmund zaps a wand.
The bolt of dispelling energy hits you!!
Ouch! That really hurt!
Throw: 3 throwing nets
Press: ? - help, Shift-Dir - straight line, f/p - Sigmund
Aim: Sigmund, wielding a +0 scythe, wearing a +0 robe and carrying a wand of quicksilver (11) (55% to hit)
You throw a throwing net.
The throwing net closely misses Sigmund.
Sigmund gestures at you while chanting. You resist with significant effort.
The bat hits you but does no damage.
Throw: 2 throwing nets
Press: ? - help, Shift-Dir - straight line, f/p - Sigmund
Aim: Sigmund, wielding a +0 scythe, wearing a +0 robe and carrying a wand of quicksilver (11) (55% to hit)
You throw a throwing net.
The throwing net closely misses Sigmund.
The bat barely misses you. The bat hits you but does no damage.
Sigmund zaps a wand.
The bolt of dispelling energy hits you!
Ouch! That really hurt!
You die...

#.#.#####....#. ..# ###
#.......#.... .. #..
###.>####.... #.###.###...##
#÷... ##...#.#...#.# #....
#.........<#..# #.#.. .....#
#..........##.# #.... .....#
#....b......#.# #.... #.##.#
#(.@.@......#.# ##.... #.##.#
#######..##...###..).. #.##.#
####.......##..#(...... #.##.#
#....#####.#...........
#.##.###.#### #.........†...
#.##.##..# ##.............
#.......########..............
#....(.............>..........
##......#####..................


You could see Sigmund and a bat.

Vanquished Creatures
  An adder (D:2)
  A worm (D:2)
  A dart slug (D:2)
  2 ball pythons
  A bat (D:2)
  An endoplasm (D:1)
  A giant cockroach (D:2)
  2 goblins (D:2)
  3 hobgoblins (D:1)
  A quokka (D:2)
  A frilled lizard (D:2)
  A kobold (D:1)
  A rat (D:1)
17 creatures vanquished.

Notes
Turn   | Place    | Note
-------+----------+-------------------------------------------
     0 | D:1      | Newt the Demonspawn Gladiator began the quest for the Orb.
     0 | D:1      | Reached XP level 1. HP: 16/16 MP: 1/1
   117 | D:1      | Reached skill level 1 in Stealth
   182 | D:1      | Found a faded altar of an unknown god.
   744 | D:1      | Gained mutation: Your touch may inflict minor irresistible
                  | damage on your foes. [demonic ancestry]
   744 | D:1      | Reached XP level 2. HP: 20/22 MP: 2/2
  1056 | D:2      | Reached XP level 3. HP: 17/28 MP: 3/3
  1314 | D:2      | Noticed Sigmund
  1319 | D:2      | Killed from afar by Sigmund

Illustrated notes

Levels and vault maps discovered:
D:1:      sevenhm_arrival_forest_fort_small_3, layout_basic,
          ebering_ecumenical_altar_hall, nicolae_eternal_life,
          grunt_decor_resistance
D:2:      layout_rooms, uniq_sigmund

Skill      XL: |  1  2 |
---------------+-------+-----
Stealth        | 1 2 |  2.0
Fighting       | |  2.8
Short Blades   | |  2.6
Throwing       | |  1.7
Dodging        | |  2.6

Action                   || total
-------------------------++-------
Melee: Rapier            ||    52
       Touch             ||     7
Throw: Throwing net      ||     2
       Dart              ||     1
  Use: Scroll            ||     1
       Potion            ||     1
 Stab: Sleeping          ||     2
Armor: Leather armour    ||    13
Dodge: Dodged            ||    26

Table legend: (Time is in decaauts)
 A = Elapsed time spent in this place.
 B = Non-inter-level travel time spent in this place.
 C = Inter-level travel time spent in this place.
 D = Time resting spent in this place.
 E = Time spent auto-exploring this place.
 F = Levels seen in this place.
 G = Mean time per level.
                   A        B        C        D        E       F      G
               +--------+--------+--------+--------+--------+-----+--------+
         Total |   1321 |   1305 |     16 |      0 |   1144 |   2 |  660.5 |
       Dungeon |   1321 |   1305 |     16 |      0 |   1144 |   2 |  660.5 |
               +--------+--------+--------+--------+--------+-----+--------+

Top non-repeatable levels by time:
     D:1: 902 daAuts
     D:2: 418 daAuts
